 Dungeon Crawl Stone Soup version 0.24.0-3-g28a8eb0610 (webtiles) character file.

Game seed: 12495439306683499490, levelgen mode: deterministic

295285 Gumption the Warrior (level 21, -18/171 (172) HPs)
             Began as a Barachi Fighter on Oct 31, 2019.
             Was the Champion of Cheibriados.
             Killed from afar by a Hell Sentinel (36 damage)
             ... with damnation
             ... on level 2 of the Abyss on Nov 1, 2019.
             The game lasted 06:10:57 (37075 turns).

Gumption the Warrior (Barachi Fighter)             Turns: 37075, Time: 06:10:58

HP:   -18/171 (172) AC: 36    Str: 41    XL:     21   Next: 25%
MP:   30/30         EV: 24    Int: 23    God:    Cheibriados [******]
Gold: 2273          SH: 18    Dex: 31    Spells: 20/20 levels left

rFire    + . .     SeeInvis .   b - +6 double sword (holy)
rCold    + . .     Gourm    .   c - +0 shield
rNeg     + . .     Faith    .   y - +4 gold dragon scales
rPois    +         Spirit   .   J - +2 hat
rElec    .         Reflect  .   N - +2 cloak of Dice, Bag, and Bottle {+Inv rPois rN+ Str+4}
rCorr    .         Harm     .   r - +1 pair of gloves {archery}
MR       +....                  T - +2 pair of boots
Stlth    ..........             x - amulet of regeneration
HPRegen  0.78/turn              M - +5 ring of slaying
MPRegen  0.22/turn              m - ring of Phasing {EV+8}

@: very slow
A: +LOS, swims, dopey 1, slowness 1, strong legs 2
}: 1/15 runes: decaying
a: Hop, Bend Time, Temporal Distortion, Slouch, Step From Time, Renounce
Religion, Evoke Invisibility


You were on level 2 of the Abyss.
You worshipped Cheibriados.
Cheibriados was exalted by your worship.
You were very hungry.

You visited 7 branches of the dungeon, and saw 34 of its levels.
You visited the Abyss 1 time.

You collected 4026 gold pieces.
You spent 1753 gold pieces at shops.

Inventory:

Hand Weapons
 a - a +9 scimitar of flaming
 b - a +6 double sword of holy wrath (weapon)
Missiles
 o - 75 poisoned darts
 p - 110 stones
 z - 7 silver boomerangs (quivered)
 D - 3 throwing nets
Armour
 c - a +0 shield (worn)
 r - a +1 pair of gloves of archery (worn)
 y - +4 gold dragon scales (worn)
 J - a +2 hat (worn)
 N - the +2 cloak of Dice, Bag, and Bottle (worn) {+Inv rPois rN+ Str+4}
   (You found it on level 11 of the Dungeon)

   It affects your strength (+4).
   It protects you from poison.
   It protects you from negative energy.
   It lets you turn invisible.
 T - a +2 pair of boots (worn)
Magical Staves
 E - an uncursed staff of air
Jewellery
 d - an uncursed ring of resist corrosion
 m - the ring of Phasing (right hand) {EV+8}
   (You found it on level 4 of the Swamp)

   [ring of evasion]

   It affects your evasion (+8).
 s - an uncursed ring of magical power
 t - an uncursed ring of protection from fire
 x - an amulet of regeneration (around neck)
 M - a +5 ring of slaying (left hand)
 V - an uncursed ring of see invisible
 W - a +4 ring of protection
Wands
 u - a wand of acid (58)
 v - a wand of iceblast (6)
 G - a wand of digging (17)
 H - a wand of paralysis (23)
 K - a wand of clouds (27)
Scrolls
 g - 16 scrolls of remove curse
 h - a scroll of brand weapon
 i - 3 scrolls of blinking
 l - 4 scrolls of immolation
 F - a scroll of fog
 P - 11 scrolls of teleportation
 R - 6 scrolls of magic mapping
 S - a scroll of summoning
 U - 2 scrolls of fear
 Y - 5 scrolls of identify
Potions
 f - 4 potions of magic
 k - 2 potions of invisibility
 q - 2 potions of resistance
 w - 4 potions of mutation
 A - 3 potions of agility
 B - 5 potions of flight
 C - 2 potions of brilliance
 I - 7 potions of curing
 O - 6 potions of might
 X - 4 potions of heal wounds
Miscellaneous
 j - a sack of spiders
 n - 2 phantom mirrors
 L - a lightning rod (4/4)
 Z - a box of beasts
Comestibles
 e - 38 rations


   Skills:
 + Level 16.7 Fighting
 - Level 16.0 Long Blades
 + Level 14.2 Throwing
 + Level 15.4 Armour
 + Level 8.8 Dodging
 - Level 15.0 Shields
 - Level 12.0 Invocations
 - Level 12.0 Evocations


You had 20 spell levels left.
You didn't know any spells.
Your spell library contained the following spells:

 Spells                   Type           Power        Failure   Level  Hunger
 Animate Skeleton         Necr           N/A          77%         1    ##.....
 Apportation              Tloc           #.....       77%         1    ##.....
 Confusing Touch          Hex            #.....       77%         1    ##.....
 Corona                   Hex            #......      77%         1    ##.....
 Flame Tongue             Conj/Fire      #....        77%         1    ##.....
 Magic Dart               Conj           #...         77%         1    ##.....
 Pain                     Necr           #...         77%         1    ##.....
 Shock                    Conj/Air       #...         77%         1    ##.....
 Summon Small Mammal      Summ           #...         77%         1    ##.....
 Blink                    Tloc           N/A          88%         2    ###....
 Call Imp                 Summ           #.......     88%         2    ###....
 Ensorcelled Hibernation  Hex/Ice        #.....       88%         2    ###....
 Searing Ray              Conj           #.....       88%         2    ###....
 Slow                     Hex            #.......     88%         2    ###....
 Sticks to Snakes         Tmut           #.......     88%         2    ###....
 Sublimation of Blood     Necr           #.........   88%         2    ###....
 Swiftness                Chrm/Air       #.......     88%         2    ###....
 Throw Flame              Conj/Fire      #.....       88%         2    ###....
 Call Canine Familiar     Summ           #.......     98%         3    ####...
 Confuse                  Hex            #.......     98%         3    ####...
 Conjure Flame            Conj/Fire      #.......     98%         3    ####...
 Dazzling Spray           Conj/Hex       #.....       98%         3    ####...
 Inner Flame              Hex/Fire       #.......     98%         3    ####...
 Mephitic Cloud           Conj/Pois/Air  #.......     98%         3    ####...
 Portal Projectile        Hex/Tloc       #.....       98%         3    ####...
 Regeneration             Chrm/Necr      #.........   98%         3    ####...
 Static Discharge         Conj/Air       #.......     98%         3    ####...
 Summon Guardian Golem    Hex/Summ       #.......     98%         3    ####...
 Tukima's Dance           Hex            #.......     98%         3    ####...
 Vampiric Draining        Necr           #.........   98%         3    ####...
 Airstrike                Air            #.........   100%        4    #####..
 Animate Dead             Necr           N/A          100%        4    #####..
 Cause Fear               Hex            #.........   100%        4    #####..
 Force Lance              Conj/Tloc      #.......     100%        4    #####..
 Fulminant Prism          Conj/Hex       #.........   100%        4    #####..
 Ice Form                 Ice/Tmut       #.......     100%        4    #####..
 Iskenderun's Mystic Bla  Conj           #.......     100%        4    #####..
 Leda's Liquefaction      Hex/Erth       #.........   100%        4    #####..
 Sticky Flame             Conj/Fire      #.......     100%        4    #####..
 Summon Ice Beast         Ice/Summ       #.......     100%        4    #####..
 Summon Lightning Spire   Summ/Air       #.......     100%        4    #####..
 Fireball                 Conj/Fire      #.........   100%        5    ######.
 Lightning Bolt           Conj/Air       #.........   100%        5    ######.
 Metabolic Englaciation   Hex/Ice        #.........   100%        5    ######.
 Bolt of Cold             Conj/Ice       #.........   100%        6    #######
 Freezing Cloud           Conj/Ice/Air   #.........   100%        6    #######
 Ozocubu's Refrigeration  Ice            #.........   100%        6    #######
 Simulacrum               Ice/Necr       #.........   100%        6    #######


Dungeon Overview and Level Annotations

Branches:
Dungeon (15/15)            Temple (1/1) D:4            Lair (6/6) D:10
  Swamp (4/4) Lair:3       Spider (4/4) Lair:2        Slime (0/5) Lair:5
    Orc (2/2) D:10            Elf (0/3) Orc:2        Vaults (0/5) D:13
 Depths (2/5) D:15

Altars:
Ashenzari
Cheibriados
Dithmenos
Elyvilon
Fedhas
Gozag
Hepliaklqana
Kikubaaqudgha
Makhleb
Nemelex Xobeh
Okawaru
Qazlal
Ru
Sif Muna
Trog
Uskayaw
Vehumet
Wu Jian
Xom
Yredelemnul
Zin
The Shining One

Shops:
D:5 *   Orc:1 :   Orc:2 ([*=

Portals:
Hell: Depths:1 Depths:2
Abyss: Depths:2

Annotations:
Swamp:4 3 runed translucent doors, KCGemini's ghost, journeyman FeBe
Spider:4 Asterion; Louise


Innate Abilities, Weirdness & Mutations

Shadows flee at your approach. (+LOS)
You can swim through water.
You cover ground slowly.
You can hop long distances.
You are dopey. (Int -2)


Message History

You destroy the starspawn tentacle!
You slice the tentacled starspawn like a ripe choko!!!
You destroy the tentacled starspawn!
Cheibriados appreciates the change of pace.
The starspawn's tentacles wither and die.
A Hell Sentinel comes into view.
The Hell Sentinel roars!
The Hell Sentinel gestures at you.
The sphere of damnation explodes!
The damnation engulfs you!!! The Hell Sentinel gestures at you.
The sphere of damnation explodes!
The damnation engulfs you!!! The Hell Sentinel gestures at you.
The sphere of damnation explodes!
The damnation engulfs you!! The Hell Sentinel gestures at you.
The sphere of damnation explodes!
The damnation engulfs you!!!
* * * LOW HITPOINT WARNING * * *
An apocalypse crab comes into view.
The Hell Sentinel gestures at you.
The sphere of damnation explodes!
The damnation engulfs you!!!
You die...

.....§...§.......§.
.....#t......#.....
.......§..........#
....#..#...........
.......§.§.#.1.....
...........§..§....
.......§..#........
..#§.$.....##.....§
...§....@..........
...§.......#.......
....§..........#...
........#.§........
.......#...........
§.......§..........
.
....§..#...........
§§.....§.#.........
#
......#.............


You could see a Hell Sentinel and an apocalypse crab.

Vanquished Creatures
  A bone dragon (Depths:1)
  Rupert (Orc:2)
  Kirke (D:14)
  Gastronok (Lair:3)
  A tentacled starspawn (Abyss:2)
  2 thorn hunters
  Roxanne (Spider:1)
  An emperor scorpion (Spider:2)
  3 frost giants
  An orc warlord (Orc:2)
  Aizul (Lair:2)
  3 stone giants
  12 very ugly things
  3 entropy weavers
  The ghost of deadmann the Peltast, a journeyman MiFi of the Shining One (Lair:6)
  2 vampire knights
  A spark wasp (Spider:4)
  A merfolk impaler (Depths:2)
  A yaktaur captain (Depths:2)
  5 ettins
  4 fire dragons
  An ogre mage (Depths:1)
  Snorg (D:14)
  A great orb of eyes (D:15)
  28 hydras
  3 ice dragons
  A rakshasa (Depths:1)
  A vault guard (D:13)
  A shambling mangrove (Swamp:3)
  Harold (D:9)
  3 spriggan air magi (Depths:2)
  5 centaur warriors
  Erica (D:9)
  7 two-headed ogres
  16 alligators
  A vampire mage (Depths:2)
  7 death yaks
  A deep troll earth mage (Depths:1)
  A deep troll shaman (Depths:2)
  4 orc high priests (Orc:2)
  A tengu warrior (Depths:2)
  2 thrashing horrors (Abyss:2)
  4 spriggan berserkers
  A soul eater (Abyss:2)
  2 spriggans (Swamp:4)
  2 fire crabs
  An iron troll (Depths:2)
  13 skeletal warriors
  A sixfirhy (Abyss:2)
  6 hell knights (Depths:1)
  A death drake (Abyss:2)
  A glowing orange brain (Depths:1)
  6 deep trolls
  A spriggan druid (Swamp:4)
  3 unseen horrors
  A golden dragon skeleton (Depths:1)
  13 swamp dragons
  A flayed ghost (Depths:1)
  A wizard (Depths:2)
  A wolf spider zombie (D:13)
  An orc knight (Orc:2)
  12 orb spiders
  14 ugly things
  18 wolf spiders
  2 necromancers
  3 cyclopes
  3 manticores
  5 orc sorcerers
  An elephant (Lair:4)
  2 moths of wrath (Spider:3)
  A centaur zombie (D:15)
  A salamander (D:15)
  A frost giant skeleton (Depths:1)
  2 stone giant skeletons (Depths:1)
  An apocalypse crab (Abyss:2)
  A fire giant skeleton (Depths:1)
  A guardian serpent (Lair:6)
  A smoke demon (Abyss:2)
  3 torpor snails
  3 gargoyles
  11 black mambas
  30 spiny frogs
  6 rime drakes
  2 centaur skeletons (D:14)
  A swamp worm zombie (Swamp:1)
  10 yaktaurs
  5 demonic crawlers
  9 komodo dragons
  A kobold demonologist (Abyss:2)
  2 ice devils (D:11)
  A redback zombie (D:15)
  2 polar bears
  3 meliai (D:13)
  27 jumping spiders
  A meliai (shapeshifter) (Depths:1)
  A jumping spider (shapeshifter) (D:15)
  A hydra zombie (Swamp:1)
  12 hornets
  9 trolls
  A troll (shapeshifter) (Depths:1)
  A fire giant simulacrum (Abyss:2)
  9 tyrant leeches
  Prince Ribbit (D:6)
  6 blink frogs
  12 dream sheep
  30 slime creatures
  20 bog bodies
  2 spectral black mambas (Lair:6)
  7 hippogriffs
  4 shadows
  39 redbacks
  16 tarantellas
  A tarantella (shapeshifter) (D:15)
  An ettin skeleton (Depths:1)
  3 water elementals
  A wraith (D:13)
  39 yaks
  3 fire elementals (Lair:1)
  A vampire (D:14)
  13 wyverns
  A deep troll skeleton (Depths:1)
  A neqoxec (Abyss:2)
  4 small abominations (Abyss:2)
  5 hogs (D:14)
  A spectral komodo dragon (Lair:6)
  A tyrant leech zombie (Swamp:1)
  4 basilisks
  A steam dragon (Lair:6)
  A hungry ghost (D:13)
  20 vampire mosquitoes
  3 chaos spawn (Abyss:2)
  25 swamp worms
  2 wargs
  An acid dragon (Lair:6)
  12 swamp drakes
  26 water moccasins
  Duvessa (D:5)
  4 hell hounds
  A large abomination (Abyss:2)
  5 sky beasts
  13 porcupines
  34 orc warriors
  3 black bears
  4 ice beasts
  The ghost of toxicsyntax the Chopper, an amateur HOMo (D:3)
  3 eyes of draining
  17 ogres
  A black mamba simulacrum (Lair:6)
  5 wolves
  4 boggarts (Depths:2)
  11 crocodiles
  7 centaurs
  3 big kobolds
  20 bullfrogs
  A wyvern zombie (D:11)
  Dowan (D:5)
  6 scorpions
  10 wights
  A dream sheep simulacrum (Lair:6)
  8 killer bees
  7 electric eels
  2 howler monkeys (D:8)
  4 crimson imps
  14 starcursed masses (Abyss:2)
  A quasit (Abyss:2)
  A bullfrog zombie (D:11)
  12 jellies
  A wyvern simulacrum (D:11)
  6 hounds
  Crazy Yiuf (D:2)
  A gnoll shaman (D:8)
  8 orc priests
  6 bullfrog skeletons
  2 iguanas
  13 orc wizards
  13 worker ants
  A centaur simulacrum (D:11)
  A crocodile zombie (Swamp:1)
  A hound skeleton (D:7)
  A worker ant zombie (D:8)
  12 adders
  17 gnolls
  A swamp drake zombie (Swamp:1)
  4 shadow imps
  2 white imps (D:11)
  A worker ant simulacrum (D:11)
  An ufetubus (D:11)
  8 oozes
  An adder skeleton (D:8)
  6 worms
  2 dart slugs
  6 leopard geckos
  68 orcs
  A bat (D:1)
  10 giant cockroaches
  13 goblins
  10 hobgoblins
  12 jackals
  14 kobolds
  3 quokkas
  3 frilled lizards
  A quokka skeleton (D:6)
  9 rats
  2 fungi
  A starspawn tentacle (Abyss:2)
1189 creatures vanquished.

Vanquished Creatures (others)
  A porcupine (Lair:5)
  14 fungi
  69 plants
  A starspawn tentacle (Abyss:2)
85 creatures vanquished.

Grand Total: 1274 creatures vanquished

Notes
Turn   | Place    | Note
-------+----------+-------------------------------------------
     0 | D:1      | Gumption the Barachi Fighter began the quest for the Orb.
     0 | D:1      | Reached XP level 1. HP: 18/18 MP: 1/1
   156 | D:1      | Reached XP level 2. HP: 25/25 MP: 2/2
   686 | D:1      | Reached XP level 3. HP: 27/30 MP: 3/3
  1682 | D:2      | Reached XP level 4. HP: 30/37 MP: 4/4
  1833 | D:2      | Reached XP level 5. HP: 15/43 MP: 5/5
  2254 | D:2      | Found a shattered altar of Ashenzari.
  2330 | D:2      | Found a runed translucent door.
  2331 | D:2      | Noticed Crazy Yiuf
  2390 | D:2      | Found a glowing golden altar of the Shining One.
  2588 | D:2      | Upgraded the game from 0.24.0-2-g5b39cebb1c to
                  | 0.24.0-3-g28a8eb0610
  2747 | D:3      | Found a runed translucent door.
  2769 | D:3      | Noticed toxicsyntax's ghost (amateur HOMo)
  3491 | D:4      | Reached skill level 5 in Long Blades
  3545 | D:4      | Reached XP level 6. HP: 50/50 MP: 6/6
  3763 | D:4      | Found a shimmering blue altar of Sif Muna.
  4160 | D:4      | Found a staircase to the Ecumenical Temple.
  4170 | Temple   | Entered the Ecumenical Temple
  4230 | Temple   | Became a worshipper of Cheibriados the Contemplative
  4458 | D:4      | Reached skill level 5 in Fighting
  4614 | D:5      | Entered Level 5 of the Dungeon
  4618 | D:5      | Reached skill level 5 in Armour
  4652 | D:5      | Found Vanuug's Lightly-Used Armoury.
  4847 | D:5      | Got a faintly glowing leather armour
  4854 | D:5      | Found a bloodstained altar of Trog.
  4865 | D:5      | Found a blossoming altar of Fedhas.
  4959 | D:5      | Noticed Duvessa
  4959 | D:5      | Noticed Dowan
  4984 | D:5      | Killed Duvessa
  4984 | D:5      | Reached XP level 7. HP: 44/56 MP: 7/7
  5001 | D:5      | Killed Dowan
  5061 | D:5      | Reached skill level 5 in Shields
  5944 | D:6      | Reached XP level 8. HP: 38/64 MP: 8/8
  6290 | D:6      | Noticed Prince Ribbit
  6305 | D:6      | Killed Prince Ribbit
  6310 | D:6      | Reached * piety under Cheibriados
  6387 | D:6      | Found a sacrificial altar of Ru.
  8246 | D:7      | Reached XP level 9. HP: 67/71 MP: 9/9
  8392 | D:7      | Found a shimmering altar of Xom.
  8634 | D:7      | Reached ** piety under Cheibriados
  9119 | D:7      | Found an iron altar of Okawaru.
  9612 | D:8      | Found an ancient bone altar of Kikubaaqudgha.
  9712 | D:8      | Reached skill level 10 in Long Blades
  9749 | D:8      | Reached *** piety under Cheibriados
  9952 | D:8      | Identified the +7 chain mail "Qezxozum" {+Fly}
 10149 | D:8      | Got a pair of spiked boots
 10160 | D:8      | Identified the +1 pair of boots of the Prince {Int+2 Dex+3}
                  | (You found it on level 8 of the Dungeon)
 10425 | D:9      | Reached XP level 10. HP: 78/80 MP: 10/10
 10464 | D:9      | Noticed Erica
 10486 | D:9      | Killed Erica
 10673 | D:9      | Reached **** piety under Cheibriados
 10689 | D:9      | Noticed Harold
 10704 | D:9      | Killed Harold
 10832 | D:9      | You fall into a shaft and drop 2 floors!
 10850 | D:11     | Noticed a cyclops
 10855 | D:11     | Noticed a purple ugly thing
 10904 | D:10     | Entered Level 10 of the Dungeon
 11096 | D:9      | Found an opulent altar of Gozag.
 11212 | D:9      | Found a shadowy altar of Dithmenos.
 11356 | D:10     | Found a staircase to the Orcish Mines.
 11359 | D:10     | Reached ***** piety under Cheibriados
 11381 | D:10     | Reached XP level 11. HP: 83/89 MP: 11/11
 11862 | D:10     | Found a staircase to the Lair.
 12049 | D:11     | Reached skill level 1 in Invocations
 12147 | D:11     | Got a pitted cloak
 12160 | D:11     | Identified the +2 cloak of Dice, Bag, and Bottle {+Inv
                  | rPois rN+ Str+4} (You found it on level 11 of the Dungeon)
 12267 | D:11     | Killed a purple ugly thing
 12267 | D:11     | Reached skill level 10 in Fighting
 12267 | D:11     | Reached skill level 10 in Armour
 12334 | D:11     | Killed an unseen horror
 12427 | D:11     | Killed a cyclops
 12427 | D:11     | Reached skill level 1 in Dodging
 12584 | D:11     | Noticed a brown ugly thing
 12595 | D:11     | Killed a brown ugly thing
 12613 | D:11     | Noticed a red ugly thing
 12628 | D:11     | Killed a red ugly thing
 12681 | D:11     | Got a scorched mace
 13022 | Lair:1   | Entered Level 1 of the Lair of Beasts
 13473 | Lair:1   | Reached skill level 10 in Shields
 13491 | Lair:1   | Found a transporter.
 13492 | Lair:1   | Noticed a fire crab
 13584 | Lair:1   | Found a transporter.
 13605 | Lair:1   | Reached ****** piety under Cheibriados
 14098 | Lair:2   | Reached XP level 12. HP: 68/99 MP: 14/14
 14633 | Lair:2   | Found a hole to the Spider Nest.
 15259 | Lair:3   | Noticed Gastronok
 15279 | Lair:3   | Killed Gastronok
 15775 | Lair:3   | Found a staircase to the Swamp.
 15912 | Lair:4   | Noticed an eight-headed hydra
 15917 | Lair:4   | Killed a six-headed hydra
 15917 | Lair:4   | Reached skill level 1 in Throwing
 15917 | Lair:4   | Reached skill level 5 in Invocations
 15980 | Lair:4   | Gained mutation: You can hop long distances. [Barachi
                  | growth]
 15980 | Lair:4   | Reached XP level 13. HP: 107/107 MP: 16/16
 16923 | Lair:4   | Noticed an ice dragon
 16936 | Lair:4   | Killed an ice dragon
 17684 | D:3      | Killed toxicsyntax's ghost
 17811 | D:2      | Killed Crazy Yiuf
 18990 | Lair:5   | Found a shadowy altar of Dithmenos.
 19192 | Lair:5   | Found a staircase to the Slime Pits.
 19716 | Lair:6   | Entered Level 6 of the Lair of Beasts
 19868 | Lair:6   | Reached XP level 14. HP: 116/116 MP: 19/19
 19907 | Lair:6   | Reached skill level 5 in Throwing
 19916 | Lair:6   | Reached skill level 1 in Evocations
 21187 | Lair:6   | Found a runed translucent gate.
 21188 | Lair:6   | Found a runed translucent gate.
 21188 | Lair:6   | Found a runed translucent gate.
 21191 | Lair:6   | Noticed deadmann's ghost (journeyman MiFi)
 21208 | Lair:6   | Killed deadmann's ghost
 21435 | Lair:1   | Identified a scroll of acquirement
 22231 | D:13     | Reached XP level 15. HP: 77/124 MP: 20/20
 22250 | D:13     | Reached skill level 15 in Shields
 22623 | D:13     | Got a pair of shimmering boots
 22634 | D:13     | Identified the cursed +0 pair of boots of the Spider Nest
                  | {+Fly Str-3 Dex+5} (You found it on level 13 of the
                  | Dungeon)
 22908 | D:13     | Reached skill level 5 in Evocations
 23169 | D:13     | Found a gate to the Vaults.
 23695 | D:5      | Bought -2 gold dragon scales for 840 gold pieces
 24439 | D:14     | Noticed Snorg
 24445 | D:14     | Killed Snorg
 24770 | D:14     | Noticed Kirke
 24780 | D:14     | Killed Kirke
 25003 | D:15     | Entered Level 15 of the Dungeon
 25135 | D:15     | Found a shadowy altar of Dithmenos.
 25135 | D:15     | Found a snail-covered altar of Cheibriados.
 25136 | D:15     | Noticed a frost giant
 25137 | D:15     | Noticed a frost giant
 25175 | D:15     | Killed a frost giant
 25182 | D:15     | Killed a frost giant
 25566 | D:15     | Found a staircase to the Depths.
 25919 | Orc:1    | Entered Level 1 of the Orcish Mines
 26030 | Orc:2    | Entered Level 2 of the Orcish Mines
 26030 | Orc:2    | Found a bloodstained altar of Trog.
 26143 | Orc:1    | Found Ygu Facw's Book Shoppe.
 26328 | Orc:1    | Found a burning altar of Makhleb.
 26347 | Orc:1    | Reached XP level 16. HP: 134/134 MP: 22/22
 26513 | Orc:2    | Noticed Rupert
 26533 | Orc:2    | Killed Rupert
 26533 | Orc:2    | Reached skill level 15 in Long Blades
 26533 | Orc:2    | Paralysed by an orc sorcerer for 5 turns
 26691 | Orc:2    | Found Jireycvecw's General Store.
 26691 | Orc:2    | Found Jeoprut's Jewellery Emporium.
 26705 | Orc:2    | Bought a scroll of enchant armour for 90 gold pieces
 26946 | Orc:2    | Found Laiskefi's Antique Armour Shop.
 26980 | Orc:2    | Found Legoadd's Antique Weapon Shop.
 27127 | Orc:2    | Found a staircase to the Elven Halls.
 27212 | Orc:2    | Bought a faintly glowing cloak for 247 gold pieces
 27240 | Orc:2    | Bought a +4 ring of protection for 576 gold pieces
 27255 | Orc:2    | Identified the -7 cloak of Divine Compulsion {rElec rF- MR+
                  | Str+2} (You bought it in a shop on level 2 of the Orcish
                  | Mines)
 27370 | Spider:1 | Entered Level 1 of the Spider Nest
 27370 | Spider:1 | Noticed Aizul
 27370 | Spider:1 | Noticed Roxanne
 27475 | Swamp:1  | Entered Level 1 of the Swamp
 28793 | Swamp:2  | Reached skill level 15 in Fighting
 29100 | Swamp:3  | Reached XP level 17. HP: 67/142 MP: 24/24
 29358 | Swamp:3  | Reached skill level 10 in Invocations
 29874 | Swamp:4  | Entered Level 4 of the Swamp
 30354 | Swamp:4  | Found a runed translucent gate.
 30354 | Swamp:4  | Found a runed translucent gate.
 30354 | Swamp:4  | Found a runed translucent gate.
 30354 | Swamp:4  | Noticed KCGemini's ghost (journeyman FeBe)
 30408 | Swamp:4  | Reached XP level 18. HP: 149/149 MP: 25/25
 30409 | Swamp:4  | Reached XP level 19. HP: 155/155 MP: 26/26
 30459 | Swamp:4  | Found the ring of Phasing {EV+8}
 30626 | Swamp:4  | Identified Sorcery Continued
 30694 | Swamp:4  | Got a decaying rune of Zot
 31102 | Depths:1 | Entered Level 1 of the Depths
 31204 | Depths:1 | Reached skill level 10 in Evocations
 31526 | Depths:1 | Found a gateway to Hell.
 32158 | Depths:1 | Reached XP level 20. HP: 162/162 MP: 28/28
 32671 | Depths:2 | Reached skill level 5 in Dodging
 32908 | Depths:2 | Paralysed by a vampire knight for 3 turns
 32990 | Depths:2 | Found a one-way gate to the infinite horrors of the Abyss.
 33462 | Depths:2 | Reached skill level 15 in Armour
 33663 | Depths:1 | Noticed a bone dragon
 33674 | Depths:1 | Killed a bone dragon
 33846 | Depths:2 | Found a shattered altar of Ashenzari.
 34355 | Lair:2   | Killed Aizul
 34491 | Spider:1 | Killed Roxanne
 35061 | Spider:1 | You fall into a shaft and drop 1 floor!
 36227 | Spider:3 | Reached XP level 21. HP: 172/172 MP: 30/30
 36671 | Spider:4 | Entered Level 4 of the Spider Nest
 36732 | Spider:4 | Noticed Louise
 36733 | Spider:4 | Noticed Asterion
 36747 | Spider:4 | Cast into level 2 of the Abyss (Louise)
 36860 | Abyss:2  | Found a corrupted altar of Lugonu.
 36912 | Abyss:2  | Paralysed by accursed screaming for 1 turns
 36971 | Abyss:2  | Paralysed by accursed screaming for 1 turns
 36979 | Abyss:2  | Paralysed by accursed screaming for 1 turns
 37012 | Abyss:2  | Gained mutation: You are dopey. (Int -2) [a neqoxec]
 37075 | Abyss:2  | Killed from afar by a Hell Sentinel

Levels and vault maps discovered:
D:1:      onia_arrival_larder, layout_basic, minmay_misc_feat_tower
D:2:      cheibrodos_greedy_goblins, layout_loops_ring, marbit_many_paths,
          old_standard_altar, first_ration, uniq_crazy_yiuf_cottage
D:3:      layout_rooms, ebering_ghost_sewer_d
D:4:      layout_loops_ring, lemuel_temple_firewalk_b, led_sif_book
D:5:      layout_loops_ring, amethyst_overflow_temple_binary,
          minmay_shop_damaged, uniq_duvessa
D:6:      layout_loops_corners, basic_altar, kennysheep_opposing_triangles,
          uniq_prince_ribbit1
D:7:      layout_cave_pods, lemuel_doored_altar, kennysheep_little_box
D:8:      layout_basic, old_standard_altar
D:9:      layout_rooms, grunt_dithmenos_smoke, nicolae_overflow_crystal_walls,
          hangedman_little_slice_of_home, uniq_erica, uniq_harold
D:10:     layout_gridville, lair_entry_dummy, erik_orc_3
D:11:     layout_loops_ring, portal_ice_cave_demonic_guard, serial_ice,
          serial_ice_h, serial_ice_l, serial_ice_n, serial_ice_a, serial_ice_m,
          serial_ice_g
D:12:     layout_loops_ring
D:13:     layout_loops_ring, david_vaults_5
D:14:     layout_basic, minivault_26, kb_rosetta, uniq_snorg, uniq_kirke
D:15:     hangedman_depths_entry_try_elsewhere_first, layout_long_grid,
          jmf_multi_god_temple
Temple:   dshaligram_water_room_temple
Lair:1:   gammafunk_cloud_chamber, layout_layer_cave,
          eino_small_chamber_without_monster
Lair:2:   layout_regular_city, nicolae_spider_entry_non_spiders,
          beast_lair_carwin_8, grunt_megastairs_1, infiniplex_staircase_pool_2
Lair:3:   layout_regular_city, nicolae_swamp_entry_splash_gauntlet,
          uniq_gastronok
Lair:4:   dragon1_lemuel, layout_layer_cave, st_stairs_13, nzn_random_ring,
          grunt_megastairs_5
Lair:5:   layout_layer_cave, nicolae_slime_entry_slimehenge, basic_altar,
          hangedman_lair_unloving_vines, st_stairs_3
Lair:6:   hangedman_lair_tendril_chambers, layout_cave_pods,
          guppyfry_lair_end_dragon, gammafunk_ghost_necromancy,
          nicolae_lair_yak_garden
Swamp:1:  layout_falls_marsh, evilmike_swamp_ruin_wall, swamp_pool3,
          nicolae_swamp_necromancer_hut
Swamp:2:  layout_basic_swamp, evilmike_swamp_ruin_house_3
Swamp:3:  layout_basic_swamp, evilmike_swamp_ruin_rubble_2, swamp_pool1
Swamp:4:  swamp_basic_johnstein, layout_basic_swamp, gammafunk_ghost_necromancy
Spider:1: layout_spider_delve, uniq_aizul, uniq_roxanne
Spider:2: layout_spider_delve
Spider:3: layout_spider_delve
Spider:4: grunt_spider_rune_circles, ebering_ghost_disaster_area, drop_trap,
          uniq_asterion, uniq_agnes, uniq_louise, uniq_arachne, uniq_mara
Orc:1:    layout_diamond_mine, basic_altar, serial_shops, shop
Orc:2:    grunt_orc_gardens, layout_caves, grunt_orc_garden, grunt_orc_garden,
          grunt_orc_garden, grunt_orc_garden, bloody_trog, uniq_rupert
Depths:1: minmay_skeletal_surprise, layout_gridlike, nrook_mini_backslash,
          pf_coc_iceberg, minmay_holes, kennysheep_decorative_pillar,
          patterned_corridor
Depths:2: lemuel_flame_loot_2, layout_gridville, abyss_entry, hell_entry,
          nicolae_ashenzari_panopticon, infiniplex_staircase_split_hallway,
          serial_bayou_shore_a
Abyss:2:  serial_sigils_hangedman_shear, hangedman_abyss_mock_shop

Skill      XL: |  1  2  3  4  5  6  7  8  9 10 11 12 13 14 15 16 17 18 19 20 21 |
---------------+----------------------------------------------------------------+-----
Long Blades    | 3 4 5 6 7 8 10 12 13 14 15 16 | 16.0
Fighting       | 4 5 6 8 9 10 11 12 13 14 15 16 | 16.7
Armour         | 4 5 6 8 9 10 11 12 13 14 15 | 15.4
Shields        | 4 5 6 7 8 10 12 13 14 15 | 15.0
Invocations    | 3 5 6 7 8 9 10 11 12 | 12.0
Dodging        | 3 4 8 |  8.8
Throwing       | 1 4 6 8 9 11 12 13 14 | 14.2
Evocations     | 4 6 8 9 10 12 | 12.0

Action                   |  1- 3 |  4- 6 |  7- 9 | 10-12 | 13-15 | 16-18 | 19-21 || total
-------------------------+-------+-------+-------+-------+-------+-------+-------++-------
Melee: Long sword        |   115 |   204 |   217 |       |       |       |       ||   536
       Falchion          |       |       |   157 |    17 |       |       |       ||   174
       Scimitar          |       |       |       |   464 |   552 |   308 |   112 ||  1436
       Double sword      |       |       |       |       |   132 |    70 |   575 ||   777
Throw: Stone             |    19 |       |     2 |       |       |       |   123 ||   144
       Boomerang         |       |    50 |   117 |   172 |   385 |   367 |   285 ||  1376
       Javelin           |       |     2 |    16 |       |    44 |       |       ||    62
       Dart              |       |       |       |       |     9 |       |   229 ||   238
Invok: Slouch            |       |       |       |       |       |     1 |     1 ||     2
       Bend Time         |       |       |       |       |       |       |     1 ||     1
       Step From Time    |       |       |       |       |       |       |     1 ||     1
 Abil: Hop               |       |       |     3 |     1 |     2 |     3 |     3 ||    12
       Evoke Invisibilit |       |       |       |       |     1 |       |       ||     1
Evoke: Wand              |       |       |       |       |       |     1 |       ||     1
  Use: Potion            |     1 |       |     5 |     2 |     2 |     2 |     3 ||    15
       Scroll            |       |     6 |     7 |     6 |    17 |     7 |     6 ||    49
 Stab: Invisible         |       |       |       |       |     4 |       |       ||     4
       Confused          |       |       |       |       |       |     9 |       ||     9
       Paralysed         |       |       |       |       |       |     2 |       ||     2
  Eat: Ration            |     1 |     1 |     3 |     2 |     2 |       |     2 ||    11
       Chunk             |       |     8 |     4 |     6 |    17 |     9 |     6 ||    50
Armor: Scale mail        |    44 |    26 |       |       |       |       |       ||    70
       Chain mail        |       |    71 |    75 |   162 |    54 |       |       ||   362
       Plate armour      |       |       |    58 |       |       |       |       ||    58
       Crystal plate arm |       |       |       |       |   134 |       |       ||   134
       Gold dragon scale |       |       |       |       |    66 |   245 |   323 ||   634
Dodge: Dodged            |    36 |    49 |    75 |   124 |   267 |   145 |   310 ||  1006
Block: Shield            |    45 |    93 |   169 |   289 |   544 |   334 |   572 ||  2046
       Rpst.: Long sword |    12 |    14 |    11 |       |       |       |       ||    37
       Falchion          |       |       |     9 |       |       |       |       ||     9
       Scimitar          |       |       |       |    42 |    49 |    25 |    11 ||   127
       Double sword      |       |       |       |       |    11 |     2 |    46 ||    59
